 Dungeon Crawl Stone Soup version 0.30-a0-568-g124715a40b (webtiles) character file.

Game seed: 15432242415030995445

3122 jfcaron the Covert (level 9, -38/71 HPs)
             Began as a Gnoll Brigand on Dec 29, 2022.
             Annihilated by a very large slime creature (55 damage)
             ... on level 8 of the Dungeon.
             The game lasted 00:19:31 (6884 turns).

jfcaron the Covert (Gnoll Brigand)                  Turns: 6884, Time: 00:19:32

Health: -38/71     AC: 15    Str: 10    XL:     9   Next: 91%
Magic:  10/16      EV: 11    Int: 14    God:
Gold:   96         SH: 11    Dex: 15    Spells: 15/17 levels left

rFire   + . .      SeeInvis .    a - +2 dagger (elec)
rCold   . . .      Faith    .    T - +2 kite shield
rNeg    . . .      Spirit   .    O - +3 ring mail {rF+}
rPois   .          Reflect  .    (no helmet)
rElec   .          Harm     .    m - +2 cloak
rCorr   +          Rampage  .    v - +2 pair of gloves {hurl}
Will    .....                    (no boots)
Stlth   ++++                     (no amulet)
HPRegen 0.31/turn                V - ring of resist corrosion
MPRegen 0.15/turn                (no ring)

@: very slightly contaminated
A: fangs 1, strong nose, distributed training
a: no special abilities


You were on level 8 of the Dungeon.
You visited 2 branches of the dungeon, and saw 9 of its levels.

You collected 434 gold pieces.
You spent 338 gold pieces at shops.

Inventory:

Hand Weapons
 a - a +2 dagger of electrocution (weapon)
 b - a +0 war axe
 t - a +0 trident
 y - a +0 rapier
 C - a +3 heavy flail
   (You took it off an orc on level 3 of the Dungeon)
 D - a +1 spear of pain
   (You found it on level 5 of the Dungeon)
 G - a +0 morningstar
 I - a +2 dagger of venom
   (You took it off Dowan on level 6 of the Dungeon)
 J - a +2 whip of freezing
   (You took it off Pikel on level 7 of the Dungeon)
 R - a +0 vampiric hand axe
   (You took it off an orc on level 7 of the Dungeon)
 S - a +3 spear of venom
   (You took it off a gnoll sergeant on level 7 of the Dungeon)
 U - a +2 hammer of holy wrath
   (You found it on level 7 of the Dungeon)
Missiles
 d - 21 poisoned darts
 e - 3 curare-tipped darts {!f}
 k - 44 stones
 l - a throwing net {!f}
 K - 5 boomerangs (quivered)
Armour
 m - a +2 cloak (worn)
 v - a +2 pair of gloves of hurling (worn)
   (You found it on level 3 of the Dungeon)
 O - a +3 ring mail of fire resistance (worn)
   (You bought it in a shop on level 6 of the Dungeon)
 T - a +2 kite shield (worn)
Magical Staves
 H - a staff of fire
   (You found it on level 4 of the Dungeon)
Jewellery
 V - a ring of resist corrosion (left hand)
Wands
 o - a wand of flame (45)
   (You found it on level 2 of the Dungeon)
 s - a wand of digging (3)
Scrolls
 c - a scroll of enchant weapon
 f - a scroll of magic mapping
 g - a scroll of immolation
 h - 4 scrolls of poison
 i - a scroll of fear
 p - 2 scrolls of amnesia
 q - a scroll of vulnerability
 E - 4 scrolls of teleportation
 L - a scroll of brand weapon
 M - a scroll of acquirement {unknown}
 P - 3 scrolls of enchant armour {unknown}
Potions
 j - 3 potions of resistance
 n - 4 potions of curing
 r - 3 potions of ambrosia
 u - a potion of mutation
 w - 3 potions of lignification
 x - 3 potions of heal wounds
 z - a potion of might
 A - a potion of degeneration {unknown}
 F - 2 potions of brilliance {unknown}
 N - 4 potions of attraction {unknown}
 Q - a potion of flight {unknown}


   Skills:
 + Level 6.8 Fighting
 + Level 6.8 Short Blades
 + Level 4.9 Long Blades
 + Level 4.9 Axes
 + Level 4.9 Maces & Flails
 + Level 4.9 Polearms
 + Level 4.9 Staves
 + Level 4.9 Ranged Weapons
 + Level 6.8 Throwing
 + Level 4.9 Armour
 + Level 5.6 Dodging
 + Level 9.3 Stealth
 + Level 4.9 Shields
 + Level 4.9 Unarmed Combat
 + Level 4.9 Spellcasting
 + Level 4.0 Conjurations
 + Level 4.0 Hexes
 + Level 4.0 Summonings
 + Level 4.0 Necromancy
 + Level 4.0 Translocations
 + Level 4.0 Transmutations
 + Level 4.0 Fire Magic
 + Level 4.0 Ice Magic
 + Level 4.0 Air Magic
 + Level 4.0 Earth Magic
 + Level 4.0 Poison Magic
 + Level 5.3 Invocations
 + Level 4.9 Evocations


You had 15 spell levels left.
You knew the following spells:

 Your Spells              Type           Power      Damage    Failure   Level
a - Ensorcelled Hibernat  Hex/Ice        28%        N/A       34%         2

Your spell library contained the following spells:

 Spells                   Type           Power      Damage    Failure   Level
 Portal Projectile        Hex/Tloc       28%        N/A       56%         3
 Cause Fear               Hex            7%         N/A       92%         4
 Borgnjor's Vile Clutch   Necr/Erth      7%         N/A       99%         5


Dungeon Overview and Level Annotations

Branches:
Dungeon (8/15)             Temple (1/1) D:4
   Lair: D:8-11

Altars:
Ashenzari
Dithmenos
Elyvilon
Fedhas
Hepliaklqana
Kikubaaqudgha
Makhleb
Nemelex Xobeh
Okawaru
Sif Muna
Trog
Uskayaw
Wu Jian
Xom
Yredelemnul
Zin
The Shining One

Shops:
D:6 *   D:7 :


Innate Abilities, Weirdness & Mutations

You have very sharp teeth.
Your uncanny sense of smell can sniff out nearby items.
Your experience applies equally to all skills.


Message History

The large slime creature resists with some effort.
The now-empty wand crumbles to dust.
The large slime creature hits you.
You completely miss the large slime creature.
The large slime creature is lightly wounded.
You block the large slime creature's attack.
You completely miss the large slime creature.
The large slime creature is lightly wounded.
The large slime creature hits you!!
Okay, then.
Unknown command.
Okay, then.
Unknown command.
Casting: Ensorcelled Hibernation (dangerous; 34% risk of failure)
Confirm with . or Enter, or press ? or * to list all spells.
Aiming: Ensorcelled Hibernation (dangerous; 34% risk of failure)
Press: ? - help, Shift-Dir - straight line, f/p - large slime creature
Aim: a large slime creature (lightly wounded, chance to affect: 30%)
You miscast Ensorcelled Hibernation.
You are very lightly contaminated with residual magic.
Nothing appears to happen.
The large slime creature hits you!
* * * LOW HITPOINT WARNING * * *
Casting: Ensorcelled Hibernation (dangerous; 34% risk of failure)
Confirm with . or Enter, or press ? or * to list all spells.
Aiming: Ensorcelled Hibernation (dangerous; 34% risk of failure)
Press: ? - help, Shift-Dir - straight line, f/p - large slime creature
Aim: a large slime creature (lightly wounded, chance to affect: 30%)
The large slime creature easily resists.
The large slime creature hits you.
* * * LOW HITPOINT WARNING * * *
Casting: Ensorcelled Hibernation (dangerous; 34% risk of failure)
Confirm with . or Enter, or press ? or * to list all spells.
Aiming: Ensorcelled Hibernation (dangerous; 34% risk of failure)
Press: ? - help, Shift-Dir - straight line, f/p - large slime creature
Aim: a large slime creature (lightly wounded, chance to affect: 30%)
The large slime creature looks drowsy...
Two slime creatures merge to form a very large slime creature.
The very large slime creature attacks as you move away!
The very large slime creature hits you!!!
Ouch! That really hurt!
You die...

#.....#
#..#######
#..# #...#
####..# #...#
#.....###...#
#.###.......#
# #####...#
#...# #@###
#J#####...
#Y.†.Jyy.. ∆
######y... .


You could see a very large slime creature and a yak.

Vanquished Creatures
  Pikel (D:7)
  4 yaks (D:8)
  Duvessa (D:6)
  An ice beast (D:6)
  A black bear (D:7)
  3 ogres
  4 lemures (D:7)
  A phantom (D:6)
  A bullfrog (D:8)
  A kobold brigand (D:5)
  A scorpion (D:6)
  A gnoll sergeant (D:7)
  Dowan (D:6)
  A howler monkey (D:5)
  6 hounds
  3 jellies (D:6)
  A gnoll bouda (D:5)
  7 orc priests
  Crazy Yiuf (D:7)
  4 iguanas
  11 orc wizards
  6 gnolls
  6 adders
  A shadow imp (D:4)
  3 white imps
  3 ufetubi
  4 dart slugs
  31 orcs
  6 endoplasms
  3 giant cockroaches
  9 goblins
  4 hobgoblins
  2 jackals (D:1)
  A quokka (D:2)
  A ball python (D:4)
  4 bats
  2 frilled lizards
  8 kobolds
  6 rats
  2 demonic plants (D:4)
157 creatures vanquished.

Notes
Turn   | Place    | Note
-------+----------+-------------------------------------------
     0 | D:1      | jfcaron the Gnoll Brigand began the quest for the Orb.
     0 | D:1      | Reached XP level 1. HP: 20/20 MP: 1/1
    83 | D:1      | Reached XP level 2. HP: 26/26 MP: 2/2
   315 | D:1      | Reached XP level 3. HP: 23/31 MP: 3/3
   315 | D:1      | You fall into a shaft and drop 1 floor!
   567 | D:1      | Reached skill level 1 in Invocations
  1368 | D:2      | Reached skill level 1 in Long Blades
  1368 | D:2      | Reached skill level 1 in Axes
  1368 | D:2      | Reached skill level 1 in Maces & Flails
  1368 | D:2      | Reached skill level 1 in Polearms
  1368 | D:2      | Reached skill level 1 in Staves
  1368 | D:2      | Reached skill level 1 in Ranged Weapons
  1368 | D:2      | Reached skill level 1 in Armour
  1368 | D:2      | Reached skill level 1 in Shields
  1368 | D:2      | Reached skill level 1 in Unarmed Combat
  1368 | D:2      | Reached skill level 1 in Spellcasting
  1368 | D:2      | Reached skill level 1 in Evocations
  1435 | D:3      | Got the Omnibus of Charms and the Lithosphere
  1465 | D:3      | Reached XP level 4. HP: 36/38 MP: 5/5
  1644 | D:3      | Found a broken altar of Ashenzari.
  1725 | D:3      | Reached skill level 1 in Conjurations
  1725 | D:3      | Reached skill level 1 in Hexes
  1725 | D:3      | Reached skill level 1 in Summonings
  1725 | D:3      | Reached skill level 1 in Necromancy
  1725 | D:3      | Reached skill level 1 in Translocations
  1725 | D:3      | Reached skill level 1 in Transmutations
  1725 | D:3      | Reached skill level 1 in Fire Magic
  1725 | D:3      | Reached skill level 1 in Ice Magic
  1725 | D:3      | Reached skill level 1 in Air Magic
  1725 | D:3      | Reached skill level 1 in Earth Magic
  1725 | D:3      | Reached skill level 1 in Poison Magic
  1783 | D:3      | Found a hide-covered altar of Uskayaw.
  1783 | D:3      | Found an iron altar of Okawaru.
  2066 | D:3      | Reached XP level 5. HP: 34/43 MP: 7/7
  2224 | D:3      | HP: 6/43 [orc priest/+0 mace (3)]
  2441 | D:4      | Found a staircase to the Ecumenical Temple.
  2449 | Temple   | Entered the Ecumenical Temple
  2667 | D:4      | Noticed an ogre
  2677 | D:4      | Killed an ogre
  2678 | D:4      | Reached skill level 8 in Stealth
  2678 | D:4      | Reached XP level 6. HP: 50/50 MP: 8/8
  2814 | D:4      | Reached skill level 5 in Fighting
  2814 | D:4      | Reached skill level 5 in Short Blades
  2814 | D:4      | Reached skill level 5 in Throwing
  3381 | D:5      | Entered Level 5 of the Dungeon
  3426 | D:5      | Reached XP level 7. HP: 54/56 MP: 10/10
  4307 | D:5      | Reached XP level 8. HP: 50/63 MP: 12/12
  4471 | D:6      | Found a basalt altar of Yredelemnul.
  5009 | D:6      | Noticed Duvessa
  5020 | D:6      | Noticed Dowan
  5026 | D:6      | Killed Duvessa
  5075 | D:6      | Killed Dowan
  5237 | D:6      | Found a hazy altar of Hepliaklqana.
  5516 | D:6      | Found Reez's General Store.
  5522 | D:6      | Bought a +3 ring mail of fire resistance for 338 gold
                  | pieces
  5712 | D:7      | Found Gineosoi's Book Shop.
  5738 | D:7      | Noticed Pikel
  5884 | D:7      | Killed Pikel
  5885 | D:7      | Reached skill level 5 in Dodging
  5885 | D:7      | Reached XP level 9. HP: 66/69 MP: 13/15
  5937 | D:6      | Reached skill level 9 in Stealth
  6018 | D:7      | Learned a level 2 spell: Ensorcelled Hibernation
  6619 | D:7      | Found a runed translucent door.
  6625 | D:7      | Noticed Crazy Yiuf
  6635 | D:7      | Killed Crazy Yiuf
  6730 | D:8      | Found a sparkling altar of Nemelex Xobeh.
  6736 | D:8      | Reached skill level 5 in Invocations
  6884 | D:8      | Annihilated by a very large slime creature

Illustrated notes

Levels and vault maps discovered:
D:1:      nzn_arrival_depleted_hourglass, layout_rooms
D:2:      layout_loops_ring
D:3:      layout_rooms, mainiacjoe_overflow_tiny_flanked, jmf_multi_god_temple
D:4:      layout_loops_ring, minmay_temple_entry_tees, serial_demonic,
          serial_demonic_c, serial_demonic_c, serial_demonic_f, serial_demonic_f
D:5:      layout_basic
D:6:      layout_loops_ring, lemuel_round_altar, mainiacjoe_overflow_catwalk,
          serial_shops, shop, uniq_duvessa
D:7:      layout_rooms, serial_shops, nicolae_stop_n_shop_2,
          chequers_serial_rivers_micro_d, uniq_crazy_yiuf_cottage, uniq_pikel
D:8:      layout_basic, mainiacjoe_overflow_paths,
          mainiacjoe_overflow_catch_the_wave, minmay_diamond_spiral
Temple:   nicolae_temple_bog_church

Skill      XL: |  1  2  3  4  5  6  7  8  9 |
---------------+----------------------------+-----
Invocations    | 1 2 3 4 5 |  5.3
Long Blades    | 1 2 3 4 |  4.9
Axes           | 1 2 3 4 |  4.9
Maces & Flails | 1 2 3 4 |  4.9
Polearms       | 1 2 3 4 |  4.9
Staves         | 1 2 3 4 |  4.9
Ranged Weapons | 1 2 3 4 |  4.9
Armour         | 1 2 3 4 |  4.9
Shields        | 1 2 3 4 |  4.9
Unarmed Combat | 1 2 3 4 |  4.9
Spellcasting   | 1 2 3 4 |  4.9
Evocations     | 1 2 3 4 |  4.9
Conjurations   | 1 2 3 4 |  4.0
Hexes          | 1 2 3 4 |  4.0
Summonings     | 1 2 3 4 |  4.0
Necromancy     | 1 2 3 4 |  4.0
Translocations | 1 2 3 4 |  4.0
Transmutations | 1 2 3 4 |  4.0
Fire Magic     | 1 2 3 4 |  4.0
Ice Magic      | 1 2 3 4 |  4.0
Air Magic      | 1 2 3 4 |  4.0
Earth Magic    | 1 2 3 4 |  4.0
Poison Magic   | 1 2 3 4 |  4.0
Dodging        | 3 4 5 |  5.6
Stealth        | 8 9 |  9.3
Fighting       | 5 6 |  6.8
Short Blades   | 5 6 |  6.8
Throwing       | 5 6 |  6.8

Action                   |  1- 3 |  4- 6 |  7- 9 || total
-------------------------+-------+-------+-------++-------
Melee: Dagger            |    91 |   120 |   324 ||   535
       Bite              |     7 |    13 |    39 ||    59
       Punch             |     1 |     3 |     1 ||     5
Throw: Dart              |     9 |    19 |    31 ||    59
       Boomerang         |       |       |    48 ||    48
 Cast: Ensorcelled Hiber |       |       |     2 ||     2
Evoke: Wand              |       |       |     9 ||     9
  Use: Potion            |       |     1 |     1 ||     2
       Scroll            |       |    14 |     1 ||    15
 Stab: Sleeping          |    12 |     8 |     6 ||    26
Armor: Robe              |    18 |    25 |       ||    43
       Leather armour    |       |    12 |     1 ||    13
       Ring mail         |       |       |   129 ||   129
Dodge: Dodged            |    48 |    52 |   135 ||   235
Block: Kite shield       |       |       |    14 ||    14

Table legend: (Time is in decaauts)
 A = Elapsed time spent in this place.
 B = Non-inter-level travel time spent in this place.
 C = Inter-level travel time spent in this place.
 D = Time resting spent in this place.
 E = Time spent auto-exploring this place.
 F = Levels seen in this place.
 G = Mean time per level.
                   A        B        C        D        E       F      G
               +--------+--------+--------+--------+--------+-----+--------+
         Total |   6754 |   6401 |    353 |   1105 |   3850 |   9 |  750.4 |
       Dungeon |   6566 |   6230 |    336 |   1105 |   3689 |   8 |  820.8 |
        Temple |    188 |    171 |     17 |      0 |    161 |   1 |  188.0 |
               +--------+--------+--------+--------+--------+-----+--------+

Top non-repeatable levels by time:
     D:6: 1236 daAuts
     D:5: 1076 daAuts
     D:2: 1024 daAuts
     D:4: 913 daAuts
     D:7: 883 daAuts
     D:3: 788 daAuts
     D:1: 485 daAuts
  Temple: 188 daAuts
     D:8: 157 daAuts

Table legend:
 A = Kills in this place as a percentage of kills in entire the game.
 B = Kills by you in this place as a percentage of kills by you in the entire game.
 C = Kills by friends in this place as a percentage of kills by friends in the entire game.
 D = Other kills in this place as a percentage of other kills in the entire game.
 E = Experience gained in this place as a percentage of experience gained in the entire game.
 F = Experience gained in this place divided by the number of levels of this place that you have seen.
                   A       B       C       D       E      F
               +-------+-------+-------+-------+-------+----------------------
         Total | 100.0 | 100.0 | 100.0 |   N/A | 100.0 | 495.7
       Dungeon | 100.0 | 100.0 | 100.0 |   N/A | 100.0 | 557.6
               +-------+-------+-------+-------+-------+----------------------
